 Dungeon Crawl Stone Soup version 0.29-a0-555-g3b24f45cc1 (webtiles) character file.

Game seed: 3412918916097034346

100 Meatmasher the Cudgeller (level 4, -1/27 HPs)
             Began as a Gargoyle Gladiator on June 8, 2022.
             Was a Believer of Elyvilon.
             Slain by a gnoll
             ... wielding a +0 vampiric halberd
              (6 damage)
             ... on level 4 of the Dungeon.
             The game lasted 00:18:15 (2269 turns).

Meatmasher the Cudgeller (Gargoyle Gladiator)       Turns: 2269, Time: 00:18:16

Health: -1/27      AC: 15    Str: 20    XL:     4   Next: 74%
Magic:  4/4        EV:  6    Int:  8    God:    Elyvilon [**....]
Gold:   102        SH:  3    Dex: 11    Spells: 3/3 levels left

rFire   . . .      SeeInvis .   s - +1 trident
rCold   . . .      Faith    .   q - +0 buckler
rNeg    + . .      Spirit   .   f - +0 plate armour
rPois   ∞          Reflect  .   c - +0 helmet
rElec   +          Harm     .   (no cloak)
rCorr   .          Rampage  .   (no gloves)
Will    .....                   (no boots)
Stlth   ..........              (no amulet)
HPRegen 0.09/turn               (no ring)
MPRegen 0.09/turn               (no ring)

@: no status effects
A: sickness immunity, AC +3, negative energy resistance 1, electricity
resistance, torment resistance 1, petrification resistance
a: Renounce Religion, Purification, Heal Other


You were on level 4 of the Dungeon.
You worshipped Elyvilon.
Elyvilon was pleased with you.
You visited 1 branch of the dungeon, and saw 4 of its levels.

You collected 102 gold pieces.

Inventory:

Hand Weapons
 a - a +0 flail
 h - a +0 dagger
 j - a +0 hand axe
 k - a +0 club
 m - a +2 dagger of draining
 s - a +1 trident (weapon)
Missiles
 e - a javelin
 g - 58 stones (quivered)
Armour
 b - a +0 leather armour
 c - a +0 helmet (worn)
 f - a +0 plate armour (worn)
 i - a +0 robe
 q - a +0 buckler (worn)
Wands
 v - a wand of digging (2)
Scrolls
 d - a scroll of enchant weapon
 r - a scroll of vulnerability {unknown}
 u - a scroll of teleportation {unknown}
Potions
 l - a potion of heal wounds {unknown}
 o - a potion of haste {unknown}
 p - 4 potions of curing {unknown}
 t - a potion of berserk rage {unknown}


   Skills:
 + Level 2.5 Fighting
 + Level 0.4 Short Blades
 + Level 0.1(2.3) Axes
 + Level 3.8 Maces & Flails
 + Level 1.3 Polearms
 + Level 1.9 Throwing
 + Level 1.6 Armour
 + Level 2.8 Dodging
 + Level 0.1 Shields


You had 3 spell levels left.
You didn't know any spells.
Your spell library was empty.

Dungeon Overview and Level Annotations

Branches:
Dungeon (4/15)
 Temple: D:4-7

Altars:
Ashenzari
Elyvilon


Innate Abilities, Weirdness & Mutations

You are immune to sickness and miasma.
Your stone body is resilient. (AC +3)
You are immune to poison.
You resist negative energy. (rN+)
You are resistant to electric shocks. (rElec)
You are resistant to unholy torment.
You are immune to petrification.


Message History

A gnoll comes into view. It is wielding a +0 club.
Found a halberd and a scroll labelled ICHEAHERAE.
The hobgoblin shouts!
The gnoll shouts! x2
As you read the scroll labelled LAFOSA ZIUREETE, it crumbles to dust.
It is a scroll of enchant weapon.
Your +0 trident glows red for a moment.
Blink to where?
Press: ? - help, Dir - move target Blink to where?
Press: ? - help, Dir - move target
As you read the scroll labelled VASTRUW HAITOI, it crumbles to dust.
It was a scroll of blinking.
A kobold comes into view. It is wielding a +0 whip.
The gnoll hits you with a +0 flail.
The kobold shouts!
You puncture the hobgoblin!
You kill the hobgoblin!
A goblin comes into view. It is wielding a +1 dagger of venom.
The gnoll hits you with a +0 flail. The gnoll hits you with a +0 flail!
You barely miss the gnoll.
The gnoll hits you but does no damage. x2
The gnoll closely misses you.
You barely miss the gnoll.
A kobold comes into view.
It is wielding a +0 dagger and quivering poisoned darts.
The gnoll hits you from afar with a +0 vampiric halberd.
The gnoll hits you but does no damage. The gnoll barely misses you.
You closely miss the gnoll.
The gnoll hits you but does no damage. x2
The gnoll hits you with a +0 flail. The gnoll barely misses you.
The kobold throws a stone.
The stone barely misses you.
The stone closely misses the gnoll.
You barely miss the gnoll. The gnoll barely misses you.
The gnoll hits you but does no damage.
The kobold throws a stone.
The stone hits you but does no damage. The gnoll hits you with a +0 club.
* * * LOW HITPOINT WARNING * * *
The gnoll hits you with a +0 flail! Elyvilon protects you from harm!
The gnoll hits you from afar with a +0 spear.
* * * LOW HITPOINT WARNING * * *
The gnoll closely misses you. The gnoll hits you but does no damage.
The gnoll hits you from afar with a +0 vampiric halberd.
You die...

........####.#
...........#.
............# .
..).........K#?.
...........K....
.........g...#..
........g....<..
.....g.@†..#..
.....gg>...<.#
#####..........
###..####....
##...## ##.#.#
#...## #... #
#.#.# #...#
#######.#.##.....
#................


You could see 4 gnolls, a goblin and 2 kobolds.

Vanquished Creatures
  A hound (D:4)
  2 adders
  2 dart slugs
  An orc (D:4)
  5 endoplasms
  2 giant cockroaches
  3 goblins
  4 hobgoblins
  A quokka (D:4)
  8 ball pythons
  7 bats
  5 frilled lizards
  2 kobolds
  4 rats
47 creatures vanquished.

Notes
Turn   | Place    | Note
-------+----------+-------------------------------------------
     0 | D:1      | Meatmasher the Gargoyle Gladiator began the quest for the
                  | Orb.
     0 | D:1      | Reached XP level 1. HP: 12/12 MP: 1/1
   164 | D:1      | Reached XP level 2. HP: 6/17 MP: 2/2
  1097 | D:2      | Found a broken altar of Ashenzari.
  1174 | D:2      | Reached XP level 3. HP: 21/21 MP: 3/3
  1275 | D:2      | Reached skill level 1 in Armour
  1284 | D:2      | Found a faded altar of an unknown god.
  1327 | D:2      | Prayed at the altar of an unknown god.
  1327 | D:2      | Became a worshipper of Elyvilon the Healer
  1327 | D:2      | Reached * piety under Elyvilon
  2092 | D:3      | Reached XP level 4. HP: 26/27 MP: 4/4
  2155 | D:3      | Reached ** piety under Elyvilon
  2226 | D:3      | You fall into a shaft and drop 1 floor!
  2239 | D:4      | Reached skill level 1 in Polearms
  2269 | D:4      | Elyvilon protects you from harm!
  2269 | D:4      | Slain by a gnoll

Illustrated notes

Levels and vault maps discovered:
D:1:      minmay_arrival_widening_spiral_wide, layout_loops_ring,
          minmay_split_cup_small
D:2:      layout_basic, basic_altar, nicolae_ecumenical_snake_handling
D:3:      layout_basic, serial_shops, shop, kennysheep_generic_room_12
D:4:      layout_rooms

Skill      XL: |  1  2  3  4 |
---------------+-------------+-----
Armour         | 1 |  1.6
Polearms       | 1 |  1.3
Fighting       | |  2.5
Short Blades   | |  0.4
Axes           | |  0.1
Maces & Flails | |  3.8
Throwing       | |  1.9
Dodging        | |  2.8
Shields        | |  0.1

Action                   |  1- 3 |  4- 6 || total
-------------------------+-------+-------++-------
Melee: Flail             |    51 |       ||    51
       Dagger            |    30 |       ||    30
       Trident           |    32 |    37 ||    69
       Hand axe          |    13 |       ||    13
Throw: Throwing net      |     3 |       ||     3
       Javelin           |     3 |       ||     3
       Stone             |    10 |       ||    10
  Use: Scroll            |     1 |     2 ||     3
Armor: Plate armour      |   108 |    41 ||   149
Dodge: Dodged            |    62 |    19 ||    81
Block: Buckler           |     2 |     8 ||    10

Table legend: (Time is in decaauts)
 A = Elapsed time spent in this place.
 B = Non-inter-level travel time spent in this place.
 C = Inter-level travel time spent in this place.
 D = Time resting spent in this place.
 E = Time spent auto-exploring this place.
 F = Levels seen in this place.
 G = Mean time per level.
                   A        B        C        D        E       F      G
               +--------+--------+--------+--------+--------+-----+--------+
         Total |   2305 |   1673 |    632 |    185 |   1019 |   4 |  576.2 |
       Dungeon |   2305 |   1673 |    632 |    185 |   1019 |   4 |  576.2 |
               +--------+--------+--------+--------+--------+-----+--------+

Top non-repeatable levels by time:
     D:1: 1100 daAuts
     D:2: 932 daAuts
     D:3: 224 daAuts
     D:4: 48 daAuts
